 Dungeon Crawl Stone Soup version 0.32-a0-43-g058985b245 (webtiles) character file.

Game seed: 11314893025083102959

205438 ranchalot the Executioner (level 18, -16/156 (168) HPs)
             Began as a Minotaur Fighter on Feb 3, 2024.
             Was a High Priest of Okawaru.
             Killed by vampiric draining
             ... invoked by a ghostly deep elf death mage
             ... led by a deep elf high priest
              (37 damage)
             ... on level 2 of the Vaults on Feb 4, 2024.
             The game lasted 04:23:02 (31526 turns).

ranchalot the Executioner (Minotaur Fighter)       Turns: 31526, Time: 04:23:03

HP:   -16/156 (168) AC: 37    Str: 32    XL:     18   Next: 4%
MP:   23/23         EV: 10    Int:  5    God:    Okawaru [*****.]
Gold: 4418          SH: 21    Dex:  6    Spells: 3/21 levels left

rFire   . . .        x - +2 war axe (heavy)
rCold   . . .        y - +0 tower shield of Indemnity {Rampage Fly Will+ Str+3}
rNeg    . . .        J - +18 Lear's hauberk
rPois   +            (helmet currently unavailable)
rElec   +            M - +2 cloak {rC+}
rCorr   .            (gloves currently unavailable)
SInv    +            (boots currently unavailable)
Will    ++...        Z - amulet of reflection Stlth
                     a - ring "Baaduc" {Wiz rElec rPois rC- Dex-4}
HPRegen 0.46/turn    L - ring of see invisible
MPRegen 0.18/turn

%: reflection, rampage, wizardry (x1)
@: marked, flying, studying 2 skills, drained
A: horns 2, retaliatory headbutt, iridescent scales 1
}: 1/15 runes: barnacled
a: Renounce Religion, Heroism, Finesse, Duel


You were on level 2 of the Vaults.
You worshipped Okawaru.
Okawaru was extremely pleased with you.
You visited 6 branches of the dungeon, and saw 28 of its levels.
You also visited: Ossuary, Gauntlet and Ice Cave.

You collected 5588 gold pieces.
You spent 1170 gold pieces at shops.

Inventory:

Hand Weapons
 h - a +2 hand cannon of freezing
 x - a +2 heavy war axe (weapon)
 W - a +3 vampiric executioner's axe
Missiles
 v - 9 throwing nets
 P - 4 atropa-tipped darts
Armour
 n - the +1 pair of gloves "Plog" {Will++ rCorr}
   (You found it in a Gauntlet)

   Will++:    It greatly increases your willpower.
   rCorr:     It protects you from acid and corrosion.
 y - the +0 tower shield of Indemnity (worn) {Rampage Fly Will+ Str+3}
   (Okawaru gifted it to you on level 3 of the Lair of Beasts)

   Str+3:     It affects your strength (+3).
   Will+:     It increases your willpower.
   Fly:       It grants you flight.
   Rampage:   It bestows one free step when moving towards enemies.
 J - the +18 Lear's hauberk (worn)
   (You found it on level 6 of the Dungeon)
 M - a +2 cloak of cold resistance (worn)
Jewellery
 a - the ring "Baaduc" (left hand) {Wiz rElec rPois rC- Dex-4}
   (You found it on level 4 of the Shoals)

   [ring of wizardry]

   Wiz:       It improves your spell success rate.
   Dex-4:     It affects your dexterity (-4).
   rC-:       It makes you vulnerable to cold.
   rElec:     It insulates you from electricity.
   rPois:     It protects you from poison
 c - a ring of protection from fire
 g - an amulet of regeneration
 i - a ring of resist corrosion
 p - an amulet of the acrobat
 u - a ring of positive energy
 C - a ring of magical power
 H - a ring of willpower
 I - an amulet of guardian spirit
 K - a ring of protection from fire
 L - a ring of see invisible (right hand)
 S - a ring of protection from cold
 X - a +5 ring of evasion
 Z - an amulet of reflection (around neck)
Wands
 b - a wand of digging (4)
 T - a wand of roots (27)
 V - a wand of mindburst (11)
Scrolls
 f - 9 scrolls of teleportation
 j - 2 scrolls of silence
 k - 8 scrolls of noise
 m - 2 scrolls of blinking
 r - 6 scrolls of fog
 s - a scroll of fear
 D - 3 scrolls of revelation
 F - 6 scrolls of poison
 G - 5 scrolls of immolation
 N - a scroll of amnesia
 O - a scroll of vulnerability
 R - a scroll of enchant weapon
 U - a scroll of identify
 Y - 5 scrolls of enchant armour
Potions
 d - 7 potions of might
 e - 7 potions of curing
 l - 2 potions of heal wounds
 o - 6 potions of haste
 q - 5 potions of enlightenment
 t - 5 potions of lignification
 z - 8 potions of attraction
 B - a potion of invisibility
 E - a potion of berserk rage
Miscellaneous
 w - a phial of floods (inert)


   Skills:
 + Level 16.4 Fighting
 * Level 21.0 Axes
 * Level 15.3 Armour
 - Level 10.0 Dodging
 + Level 15.5 Shields
 - Level 2.3 Spellcasting
 + Level 11.8 Translocations
 * Level 1.3 Earth Magic
 - Level 8.0 Invocations


You had 3 spell levels left.
You knew the following spells:

 Your Spells              Type           Power      Damage    Failure   Level
a - Blink                 Tloc           24%        N/A       1%          2
b - Teleport Other        Tloc           12%        N/A       1%          3
c - Gell's Gravitas       Tloc           12%        N/A       1%          3
d - Passage of Golubria   Tloc           12%        N/A       6%          4
e - Dispersal             Tloc           6%         N/A       65%         6

Your spell library contained the following spells:

 Spells                   Type           Power      Damage    Failure   Level
 Freeze                   Ice            0%         1d3       61%         1
 Kiss of Death            Conj/Necr      0%         2d5       61%         1
 Magic Dart               Conj           0%         1d3       61%         1
 Shock                    Conj/Air       0%         1d3       61%         1
 Cigotuvi's Dreadful Rot  Necr/Alch/Air  0%         N/A       75%         2
 Ensorcelled Hibernation  Hex/Ice        0%         N/A       75%         2
 Mercury Vapours          Alch/Air       0%         N/A       75%         2
 Static Discharge         Conj/Air       0%         3-3/arc   75%         2
 Sublimation of Blood     Necr           0%         N/A       75%         2
 Passwall                 Erth           1%         N/A       80%         3
 Confusing Touch          Hex            0%         N/A       91%         3
 Hailstorm                Conj/Ice       0%         3d5       91%         3
 Mephitic Cloud           Conj/Alch/Air  0%         N/A       91%         3
 Swiftness                Air            0%         N/A       91%         3
 Leda's Liquefaction      Alch/Erth      0%         N/A       99%         4
 Petrify                  Alch/Erth      1%         N/A       99%         4
 Airstrike                Air            0%         2d(0-16)  100%        4
 Dispel Undead            Necr           0%         3d6       100%        4
 Freezing Cloud           Conj/Ice/Air   0%         6-21      100%        5
 Irradiate                Conj/Alch      0%         3d11      100%        5
 Lee's Rapid Deconstruct  Erth           0%         3d4*      100%        5
 Metabolic Englaciation   Hex/Ice        0%         N/A       100%        5
 Yara's Violent Unravell  Hex/Alch       0%         3d3       100%        5
 Bombard                  Conj/Erth      0%         9d1       100%        6
 Ozocubu's Refrigeration  Ice            0%         4d7       100%        7
 Polar Vortex             Ice            0%         N/A       100%        9
 Call Imp                 Summ           Unusable   N/A       N/A         2
 Tukima's Dance           Hex            Unusable   N/A       N/A         3
 Martyr's Knell           Necr/Summ      Unusable   N/A       N/A         4
 Summon Lightning Spire   Summ/Air       Unusable   N/A       N/A         4
 Death Channel            Necr           Unusable   N/A       N/A         6
 Sculpt Simulacrum        Ice/Alch       Unusable   N/A       N/A         6

Dungeon Overview and Level Annotations

Branches:
Dungeon (14/15)            Temple (1/1) D:7            Lair (5/5) D:11
 Shoals (4/4) Lair:3        Snake (0/4) Lair:3        Slime (0/5) Lair:4
    Orc (2/2) D:11            Elf (0/3) Orc:2        Vaults (2/5) D:13
Ossuary (visited)           IceCv (visited)         Gauntlet (visited)
  Crypt: Vaults:2-3

Altars:
Ashenzari
Cheibriados
Dithmenos
Elyvilon
Fedhas
Gozag
Hepliaklqana
Kikubaaqudgha
Makhleb
Nemelex Xobeh
Okawaru
Qazlal
Ru
Sif Muna
Trog
Uskayaw
Vehumet
Wu Jian
Xom
Yredelemnul
Zin
The Shining One
Jiyva

Shops:
D:8 *   D:11 ==   D:13 =   Orc:1 [:   Orc:2 (*![   Shoals:1 =

Annotations:
D:9 1 transporter, kairosrom117's ghost, journeyman TeHu
Shoals:1 2 transporters, Zonian's ghost, adept FeSu


Innate Abilities, Weirdness & Mutations

You have a pair of horns on your head.
You reflexively headbutt those who attack you in melee.
You are partially covered in iridescent scales. (AC +2)


Message History

The ghostly deep elf death mage is almost destroyed.
You slash the deep elf high priest! You slash the ironbound convoker!
You slash the slime creature!
The deep elf high priest is no longer giving off an aura.
The deep elf zephyrmancer seems less brilliant.
The deep elf high priest hits you but does no damage.
The ironbound convoker hits you but does no damage.
The deep elf pyromancer gestures wildly while chanting.
The deep elf pyromancer blinks!
You block the slime creature's attack.
The ghostly deep elf death mage gestures at you while chanting.
The bolt of negative energy hits you!!!
You feel drained.
* * * LOW HITPOINT WARNING * * *
The deep elf high priest misses you. You furiously retaliate!
You headbutt the deep elf high priest!
You feel much better.
The deep elf pyromancer seems less brilliant.
You block the ironbound convoker's attack.
You block the slime creature's attack.
The ghostly deep elf death mage draws life force from you!!
* * * LOW HITPOINT WARNING * * *
The ghostly deep elf death mage is healed by the life force!
You block the deep elf high priest's attack.
Aim the phial where?
Press: ? - help, Q - select action, (/) - cycle Shift-Dir - straight line, f - deep elf pyromancer
Aim: a deep elf pyromancer, wielding a +0 dagger (60% to hit)
The torrent of water hits the deep elf high priest.
The deep elf high priest is almost dead.
The deep elf high priest is knocked back by the torrent of water.
The deep elf high priest is engulfed in water.
The wave splashes down.
The deep elf pyromancer is engulfed in water.
The ironbound convoker is engulfed in water.
The ghostly deep elf death mage seems less brilliant.
The ironbound convoker misses you. You furiously retaliate!
You headbutt the ironbound convoker!
The deep elf pyromancer gestures wildly while chanting.
The deep elf pyromancer blinks!
The slime creature hits you but does no damage.
The ghostly deep elf death mage draws life force from you!!!
You die...

#...#......#.....# #
#..(#......#.....# #
#..[#......#.....# #
#.e.#......#.....# #
#...#......#.....#
#**e'......#.....#
#.e~#......#.....#
#########*eE########.....####
#.........☼p@~...............
#.........EJe~..[............
#.......§..###########.......
#........°.# #.......
#..........# #.......
#..........# ' #.......
#....§..e.p#[.#...#. #.......
######'###..#[.#...#.
#...#### #.......##..#).#...#
#...#


You could see a ghostly deep elf death mage, a slime creature (strong), a deep
elf high priest (strong, waterlogged), an ironbound convoker (empowered,
waterlogged), 3 deep elf pyromancers, a deep elf zephyrmancer, 2 fire elementals
and 3 lost souls.

Vanquished Creatures
  Saint Roka (Vaults:1)
  Zenata (Vaults:1)
  Polyphemus (Shoals:2)
  6 vault wardens
  An orc warlord (Vaults:2)
  A reaper (IceCv)
  9 ironbound preservers
  A formless jellyfish (Vaults:2)
  3 ironbound thunderhulks
  12 dire elephants
  A minotaur (Gauntlet)
  Snorg (D:10)
  Josephine (Lair:5)
  5 merfolk impalers
  3 merfolk javelineers
  8 yaktaur captains
  3 great orbs of eyes
  5 centaur warriors
  7 hydras
  3 ironbound frosthearts
  4 ogre magi (Orc:2)
  2 merfolk avatars
  3 merfolk aquamancers (Shoals:4)
  3 catoblepae
  3 boulder beetles
  14 two-headed ogres
  A satyr (Shoals:2)
  2 death yaks (Shoals:2)
  A hell hog (Lair:5)
  A titan zombie (Vaults:2)
  2 orc high priests (Vaults:1)
  3 skysharks
  10 sea snakes
  A wretched star (Gauntlet)
  2 arcanists
  A deep elf archer (Vaults:2)
  21 deep trolls
  3 lindwurms
  2 necromancers
  8 harpies
  5 orc knights
  A kraken simulacrum (Shoals:4)
  6 ironbound convokers
  A deep elf pyromancer (D:13)
  2 wolf spiders
  3 orc sorcerers
  A phantasmal warrior (Vaults:1)
  An oklob plant (Lair:4)
  Maurice (Orc:2)
  4 fauns
  A human zombie (Vaults:2)
  3 ugly things
  13 manticores
  4 elephants
  A worldbinder (Gauntlet)
  6 cyclopes
  2 kobold blastminers (Orc:1)
  2 ice statues (IceCv)
  8 vault sentinels
  A guardian serpent (Lair:5)
  Joseph (Lair:1)
  17 black mambas
  2 water nymphs
  2 gargoyles
  A storm dragon simulacrum (Vaults:2)
  A molten gargoyle (Gauntlet)
  2 merfolk sirens
  20 cane toads
  17 yaktaurs
  A kobold demonologist (D:9)
  4 rime drakes
  6 ice devils (IceCv)
  Maggie (D:7)
  An anaconda simulacrum (IceCv)
  10 komodo dragons
  7 trolls
  13 polar bears
  A merfolk (shapeshifter) (Vaults:2)
  33 merfolk
  Prince Ribbit (Lair:3)
  A wind drake (Shoals:4)
  3 hornets
  26 blink frogs
  9 snapping turtles
  3 raiju (Lair:5)
  2 dream sheep (Shoals:1)
  24 slime creatures
  17 wyverns
  5 centaur simulacra
  7 wraiths
  5 water elementals
  50 yaks
  Sigmund (D:3)
  6 basilisks
  3 neqoxecs (Gauntlet)
  A death yak simulacrum (IceCv)
  8 wargs
  A redback (Lair:4)
  7 vampire mosquitoes
  3 chaos spawn (Gauntlet)
  A hydra simulacrum (IceCv)
  2 acid dragons
  3 nagas (Lair:3)
  26 water moccasins
  14 hell hounds (Lair:5)
  8 orc warriors
  15 black bears
  3 ice beasts
  11 boggarts
  21 ogres
  28 wolves
  4 centaurs
  A phantom (D:7)
  A kobold brigand (D:11)
  11 bullfrogs
  A gnoll sergeant (D:9)
  A weeping skull (Ossuary)
  8 scorpions
  A glowing shapeshifter simulacrum (Vaults:2)
  2 two-headed ogre simulacra (IceCv)
  A cane toad simulacrum (IceCv)
  A burial acolyte (Ossuary)
  4 wights (D:9)
  4 elephant simulacra (IceCv)
  5 electric eels
  6 howler monkeys
  A bombardier beetle (D:4)
  A centaur zombie (Ossuary)
  2 human simulacra
  3 hounds
  A jelly (D:6)
  13 orc priests
  4 iguanas
  16 orc wizards
  2 sleepcaps (D:6)
  4 hell rats (Lair:2)
  5 spriggan simulacra (IceCv)
  A troll simulacrum (IceCv)
  A wolf simulacrum (IceCv)
  3 mummies (Ossuary)
  Robin (D:4)
  14 gnolls
  3 naga simulacra (IceCv)
  5 adders
  2 white imps
  11 ufetubi
  A ribbon worm (D:5)
  A dart slug (D:2)
  48 orcs
  7 endoplasms
  A giant cockroach (D:3)
  A gnoll zombie (Ossuary)
  7 hobgoblins
  7 jackals (D:1)
  16 kobolds
  4 quokkas
  13 ball pythons
  6 bats
  6 frilled lizards
  13 goblins
  A jackal zombie (D:6)
  2 kobold zombies (Ossuary)
  4 orc zombies (Ossuary)
  9 rats
  A tentacle (Shoals:4)
973 creatures vanquished.

Vanquished Creatures (others)
  A boggart (D:14)
  3 tentacles (Shoals:4)
4 creatures vanquished.

Grand Total: 977 creatures vanquished

Notes
Turn   | Place    | Note
-------+----------+-------------------------------------------
     0 | D:1      | ranchalot the Minotaur Fighter began the quest for the Orb.
     0 | D:1      | Reached XP level 1. HP: 19/19 MP: 0/0
    91 | D:1      | Reached XP level 2. HP: 27/27 MP: 1/1
   245 | D:1      | Reached skill level 3 in Axes
   438 | D:1      | Reached XP level 3. HP: 30/33 MP: 2/2
   599 | D:1      | Found a faded altar of an unknown god.
  1043 | D:2      | Found a hide-covered altar of Uskayaw.
  1721 | D:3      | Reached XP level 4. HP: 37/40 MP: 3/3
  1742 | D:3      | Reached skill level 4 in Axes
  2006 | D:3      | Noticed Sigmund
  2018 | D:3      | Killed Sigmund
  2019 | D:3      | Reached skill level 5 in Axes
  2019 | D:3      | Reached XP level 5. HP: 47/47 MP: 4/4
  2026 | D:3      | Reached XP level 6. HP: 53/55 MP: 5/5
  2239 | D:3      | You fall into a shaft and drop 2 floors!
  2239 | D:5      | Entered Level 5 of the Dungeon
  2249 | D:5      | Reached skill level 5 in Fighting
  2249 | D:5      | Reached skill level 5 in Armour
  2249 | D:5      | Reached skill level 5 in Shields
  3052 | D:4      | Reached skill level 6 in Axes
  3055 | D:4      | Reached XP level 7. HP: 36/61 MP: 6/6
  3205 | D:4      | Found a sparkling altar of Nemelex Xobeh.
  3255 | D:4      | Found a broken altar of Ashenzari.
  3256 | D:4      | Found a shimmering blue altar of Sif Muna.
  3324 | D:4      | Noticed Robin
  3331 | D:4      | Killed Robin
  3454 | D:4      | Found a snail-covered altar of Cheibriados.
  3663 | D:5      | Reached skill level 1 in Dodging
  3897 | D:5      | Reached skill level 7 in Axes
  4400 | D:6      | Reached XP level 8. HP: 70/70 MP: 7/7
  4458 | D:6      | Noticed a komodo dragon
  4605 | D:6      | Found a sand-covered staircase.
  4618 | Ossuary  | Entered an ossuary
  4712 | Ossuary  | Reached skill level 8 in Axes
  5011 | D:6      | Found the +18 Lear's hauberk
  5127 | D:6      | Killed a komodo dragon
  5128 | D:6      | Reached skill level 9 in Axes
  5248 | D:6      | Reached XP level 9. HP: 79/79 MP: 8/8
  5657 | D:7      | Noticed Maggie
  5666 | D:7      | Killed Maggie
  5754 | D:7      | Reached skill level 10 in Axes
  5772 | D:7      | Reached skill level 5 in Dodging
  5842 | D:7      | Found a staircase to the Ecumenical Temple.
  5852 | Temple   | Entered the Ecumenical Temple
  5927 | Temple   | Became a worshipper of Warmaster Okawaru
  6471 | D:8      | Found an opulent altar of Gozag.
  6474 | D:8      | Found Gozag's Platinum Reserve.
  6771 | D:9      | Reached * piety under Okawaru
  6772 | D:9      | Reached skill level 1 in Translocations
  6784 | D:9      | Reached skill level 11 in Axes
  6784 | D:9      | Reached XP level 10. HP: 89/90 MP: 9/9
  6932 | D:9      | Reached ** piety under Okawaru
  7115 | D:9      | Reached *** piety under Okawaru
  7174 | D:9      | Noticed kairosrom117's ghost (journeyman TeHu)
  7174 | D:9      | Noticed a two-headed ogre
  7174 | D:9      | Noticed a two-headed ogre
  7175 | D:9      | Found a transporter.
  7175 | D:9      | Noticed a two-headed ogre
  7177 | D:9      | Noticed a two-headed ogre
  7522 | D:10     | Entered Level 10 of the Dungeon
  7546 | D:10     | Identified the +6 sling of Crawling {speed, ^Fragile Will+
                  | Dex+6 Stlth+}
  7627 | D:10     | Reached skill level 12 in Axes
  7638 | D:10     | Noticed a gargoyle
  7751 | D:10     | Killed a gargoyle
  7752 | D:10     | Noticed Snorg
  7773 | D:10     | Killed Snorg
  7773 | D:10     | Reached **** piety under Okawaru
  7774 | D:10     | Reached XP level 11. HP: 65/97 MP: 8/10
  8686 | D:11     | Reached skill level 10 in Fighting
  8708 | D:11     | Found a staircase to the Lair.
  8744 | D:11     | Reached ***** piety under Okawaru
  8745 | D:11     | Reached skill level 13 in Axes
  8803 | D:11     | Learned a level 2 spell: Blink
  8804 | Lair:1   | Entered Level 1 of the Lair of Beasts
  8900 | Lair:1   | Reached skill level 10 in Armour
  8908 | Lair:1   | Received a gift from Okawaru
  9252 | Lair:1   | Identified 2 scrolls of acquirement
  9315 | Lair:1   | Received a gift from Okawaru
  9316 | Lair:1   | Reached XP level 12. HP: 39/110 MP: 11/11
  9469 | Lair:1   | Noticed Joseph
  9486 | Lair:1   | Found a frozen archway.
  9499 | Lair:1   | Reached skill level 1 in Invocations
  9506 | Lair:1   | Killed Joseph
  9508 | IceCv    | Entered an ice cave
  9726 | IceCv    | Reached skill level 14 in Axes
  9883 | IceCv    | Noticed a reaper
  9918 | IceCv    | Killed a reaper
  9939 | IceCv    | Got the Precepts of Congelation
 10319 | Lair:1   | Reached skill level 5 in Translocations
 10610 | Lair:2   | Received a gift from Okawaru
 11698 | Lair:3   | Received a gift from Okawaru
 11718 | Lair:3   | Reached skill level 15 in Axes
 11781 | Lair:3   | Reached XP level 13. HP: 65/118 MP: 15/15
 12337 | Lair:3   | Noticed Prince Ribbit
 12345 | Lair:3   | Reached ****** piety under Okawaru
 12354 | Lair:3   | Killed Prince Ribbit
 12543 | Lair:3   | Acquired 690 gold pieces
 12547 | Lair:3   | Acquired the +0 tower shield of Indemnity {Rampage Fly
                  | Will+ Str+3}
 12547 | Lair:3   | Received a gift from Okawaru
 12555 | Lair:3   | Acquired a +3 vampiric executioner's axe
 12555 | Lair:3   | Received a gift from Okawaru
 12648 | Lair:3   | Received a gift from Okawaru
 12804 | Lair:3   | Reached skill level 1 in Spellcasting
 12805 | Lair:3   | Reached skill level 5 in Invocations
 13054 | Lair:3   | Found a staircase to the Snake Pit.
 13656 | Lair:4   | Found a staircase to the Slime Pits.
 13681 | Lair:4   | Found a viscous altar of Jiyva.
 14157 | Lair:4   | Received a gift from Okawaru
 14491 | Lair:5   | Entered Level 5 of the Lair of Beasts
 14603 | Lair:5   | Reached skill level 16 in Axes
 14891 | Lair:5   | Reached XP level 14. HP: 127/127 MP: 17/17
 15146 | Lair:5   | Noticed Josephine
 15181 | Lair:4   | Received a gift from Okawaru
 15394 | Lair:5   | Killed Josephine
 15687 | Lair:5   | Received a gift from Okawaru
 15930 | Lair:5   | Reached skill level 10 in Dodging
 16108 | Lair:5   | Received a gift from Okawaru
 16472 | Shoals:1 | Entered Level 1 of the Shoals
 16772 | Shoals:1 | Found Latza's Jewellery Shoppe.
 16800 | Shoals:1 | Reached skill level 17 in Axes
 16808 | Shoals:1 | Bought an amulet of reflection for 420 gold pieces
 17020 | Shoals:1 | Found a transporter.
 17042 | Shoals:1 | Noticed Zonian's ghost (adept FeSu)
 17072 | Shoals:1 | Received a gift from Okawaru
 17073 | Shoals:1 | Found a transporter.
 17084 | Shoals:1 | Reached XP level 15. HP: 114/137 MP: 19/19
 18142 | Shoals:2 | Noticed Polyphemus
 18162 | Shoals:2 | Killed Polyphemus
 19169 | Shoals:3 | Received a gift from Okawaru
 19656 | Shoals:3 | Reached skill level 10 in Shields
 19861 | Shoals:3 | Received a gift from Okawaru
 20097 | Shoals:3 | Learned a level 3 spell: Teleport Other
 20492 | Shoals:4 | Entered Level 4 of the Shoals
 20652 | Shoals:4 | Identified the ring "Baaduc" {Wiz rElec rPois rC- Dex-4}
 20739 | Shoals:4 | Reached skill level 18 in Axes
 21160 | Shoals:4 | Received a gift from Okawaru
 21166 | Shoals:4 | Got a barnacled rune of Zot
 21737 | D:11     | Found a staircase to the Orcish Mines.
 21746 | Orc:1    | Entered Level 1 of the Orcish Mines
 21770 | D:11     | Found Ken Pamu's Jewellery Shoppe.
 21905 | D:11     | Found Paathross's Jewellery Boutique.
 21912 | D:11     | Bought a ring of see invisible for 240 gold pieces
 22173 | D:11     | Learned a level 3 spell: Gell's Gravitas
 22364 | Orc:1    | Found Zunuhaet's Armour Boutique.
 22364 | Orc:1    | Found Xialyif's Book Emporium.
 22651 | Orc:2    | Entered Level 2 of the Orcish Mines
 22698 | Orc:2    | Found a staircase to the Elven Halls.
 22864 | Orc:2    | Noticed Maurice
 22875 | Orc:2    | Killed Maurice
 22876 | Orc:2    | Reached XP level 16. HP: 142/147 MP: 21/21
 22956 | Orc:2    | Received a gift from Okawaru
 22960 | Orc:2    | Found Kuc Mymo's Distillery.
 22960 | Orc:2    | Found Uhehu's Antique Weapon Shop.
 22966 | Orc:2    | Found Gesoif's Armour Boutique.
 22966 | Orc:2    | Found Nausad's Assorted Antiques.
 22981 | Orc:2    | Reached skill level 15 in Fighting
 23000 | Orc:2    | Bought 2 potions of heal wounds for 150 gold pieces
 23463 | Orc:1    | Bought Great Wizards, Vol. VII for 360 gold pieces
 23468 | Orc:1    | Learned a level 4 spell: Passage of Golubria
 23533 | D:11     | Acquired a manual of Translocations
 24125 | D:12     | Reached skill level 19 in Axes
 24486 | D:13     | Found Woeriutu's Jewellery Shop.
 24735 | D:13     | Received a gift from Okawaru
 24801 | D:13     | Found a gate to the Vaults.
 24863 | D:13     | Found a shimmering altar of Xom.
 24863 | D:13     | Found a shimmering altar of Xom.
 24867 | D:13     | Found a shimmering altar of Xom.
 24867 | D:13     | Found a shimmering altar of Xom.
 24869 | D:13     | Found a shimmering altar of Xom.
 24871 | D:13     | Found a shimmering altar of Xom.
 24871 | D:13     | Found a shimmering altar of Xom.
 25335 | D:14     | Found a gate leading to a gauntlet.
 25341 | Gauntlet | Entered a Gauntlet
 25341 | Gauntlet | Found a transporter.
 25344 | Gauntlet | Found a transporter.
 25348 | Gauntlet | Found a transporter.
 25357 | Gauntlet | Found a transporter.
 25378 | Gauntlet | Gained mutation: You are partially covered in iridescent
                  | scales. (AC +2) [a neqoxec]
 25399 | Gauntlet | Found a transporter.
 25400 | Gauntlet | Found a transporter.
 25400 | Gauntlet | Found a transporter.
 25441 | Gauntlet | Found a transporter.
 25446 | Gauntlet | Found a transporter.
 25449 | Gauntlet | Found a transporter.
 25466 | Gauntlet | Found a transporter.
 25466 | Gauntlet | Found a transporter.
 25466 | Gauntlet | Found a transporter.
 25486 | Gauntlet | Identified the +1 pair of gloves "Plog" {Will++ rCorr}
 25511 | Gauntlet | Found a transporter.
 25517 | Gauntlet | Identified the staff of Balance {*Corrode rC+ rN+ Int+4
                  | Dex+5 Necro}
 25558 | Gauntlet | Found the +7 mace of Variability {chaos, chaos arc}
 25589 | Gauntlet | Identified the +9 war axe of Emerrell {pain, rC+ rN+}
 25929 | D:14     | Reached skill level 15 in Armour
 26061 | D:14     | Received a gift from Okawaru
 26502 | Vaults:1 | Entered Level 1 of the Vaults
 26665 | Vaults:1 | Identified the +3 chain mail "Faces" {Will+}
 26699 | Vaults:1 | Acquired 1124 gold pieces
 26728 | Vaults:1 | Received a gift from Okawaru
 26976 | Vaults:1 | Identified the granite talisman of Ittymis {rN+ Dex+2
                  | Slay-5}
 27057 | Vaults:1 | Noticed Zenata
 27069 | Vaults:1 | Killed Zenata
 27577 | Vaults:1 | Reached XP level 17. HP: 105/151 MP: 22/22
 27848 | Vaults:1 | Reached skill level 10 in Translocations
 28258 | Vaults:1 | Reached skill level 20 in Axes
 28261 | Vaults:1 | Received a gift from Okawaru
 28667 | Vaults:1 | Learned a level 6 spell: Dispersal
 28703 | Vaults:1 | Noticed Saint Roka
 29100 | Vaults:1 | Killed Saint Roka
 29609 | Vaults:2 | Received a gift from Okawaru
 29626 | Vaults:2 | Reached skill level 15 in Shields
 29663 | Arena    | Entered the Arena
 29667 | Arena    | HP: 3/158 [ironbound frostheart (15)]
 30137 | Vaults:2 | Received a gift from Okawaru
 30586 | Vaults:2 | Paralysed by a formless jellyfish for 1 turns
 31221 | Vaults:2 | Received a gift from Okawaru
 31222 | Vaults:2 | Reached skill level 1 in Earth Magic
 31441 | Vaults:2 | Reached XP level 18. HP: 168/168 MP: 23/23
 31486 | Vaults:2 | Reached skill level 21 in Axes
 31526 | Vaults:2 | Killed from afar by a ghostly deep elf death mage

Illustrated notes

Levels and vault maps discovered:
D:1:      nzn_arrival_settlement, layout_basic,
          hellmonk_ecumenical_altar_inner_sanctum,
          chequers_serial_rivers_large_a
D:2:      layout_basic, basic_altar
D:3:      layout_loops_ring, kennysheep_doodads, uniq_sigmund
D:4:      layout_rooms, nemelex_xobeh_ov_fountains_minmay,
          chequers_temple_overflow_statue_of_worship,
          mainiacjoe_overflow_24_doors, uniq_robin
D:5:      layout_loops_ring
D:6:      layout_rooms, enter_ossuary_3, grunt_ministairs_14, minmay_pentangle
D:7:      layout_basic, minmay_temple_entry_poolview, dreamdust_wishing_well,
          grunt_ministairs_6, uniq_maggie
D:8:      lemuel_ice_spiral_2, layout_rooms, nicolae_gozag_zags_fifth_avenue,
          minivault_19
D:9:      layout_loops_ring, gammafunk_ghost_smash, solitary_fountain
D:10:     layout_rooms, serial_ice, serial_ice_f, serial_ice_k, serial_ice_o,
          serial_ice_c, serial_ice_g, serial_ice_m, minmay_misc_feat_hallway,
          uniq_snorg
D:11:     layout_loops_ring, due_lair_maze_entry_diamond, orc_0_dummy,
          serial_shops, nicolae_take_the_stairs, shop
D:12:     layout_irregular_city, hangedman_fish_farm
D:13:     layout_basic, hellmonk_vaults_attempted_burglary, serial_shops,
          nicolae_shop_gaudy_bauble, nicolae_xom_altar_mimics
D:14:     layout_gridville, gauntlet_entry_generic, minivault_23
Temple:   minmay_temple_bridge_d
Lair:1:   layout_chaotic_city, portal_ice_cave_entry_pillars_2, uniq_joseph
Lair:2:   layout_hall_layers
Lair:3:   layout_cave_pods, nicolae_shoals_entry_flooding,
          nicolae_snake_entry_squirm, infiniplex_staircase_pool,
          grunt_megastairs_4, lemuel_fruit_tree, uniq_prince_ribbit2
Lair:4:   layout_gridlike, slime_entry_1, grunt_megastairs_3,
          infiniplex_staircase_pool_2, serial_bayou_shore_b
Lair:5:   hangedman_lair_tendril_chambers, layout_misc_corridors,
          hangedman_lair_caniforms_friends, uniq_josephine
Shoals:1: layout_shoals, serial_shops, nicolae_shop_peninsula,
          gammafunk_ghost_berserking_beasts, nicolae_shoals_wave_tunnel
Shoals:2: nicolae_shoals_island_circles, layout_shoals, uniq_polyphemus
Shoals:3: layout_shoals
Shoals:4: shoals_end_grunt_ice, layout_shoals
Orc:1:    layout_caves, serial_shops, shop, nicolae_shop_tiny_statue_garden
Orc:2:    st_orc_ogre_mass, layout_caves, nicolae_orc_sculptors_studio,
          uniq_maurice
Vaults:1: v_misc_3, hangedman_vaults_corner, vaults_room_pools,
          nicolae_vaults_twisting_passages, nicolae_vaults_wine_cellar,
          grunt_vaults_focal, nicolae_vaults_shipping_containers_1,
          vaults_mumra_lcd, serial_ice_g, nicolae_vaults_surprise_closet,
          nicolae_vaults_storage_closets_2, v_misc_15, layout_vaults_omnibox,
          uniq_saint_roka, uniq_zenata
Vaults:2: nicolae_vaults_weapon_check, vaults_room_octagon, v_misc_16,
          v_misc_27, nicolae_vaults_closet_pinwheel_2,
          nicolae_vaults_more_shelving_2, nicolae_vaults_network_barrier,
          grunt_vaults_hallway_long, v_rooms_4, nicolae_vaults_circle_grid_a,
          nicolae_vaults_tetromino_Z_1, nicolae_vaults_apartment_2,
          nicolae_vaults_diagonal_hallway_6, ontoclasm_vaults_ring_small,
          layout_vaults_omnicross

Skill      XL: |  1  2  3  4  5  6  7  8  9 10 11 12 13 14 15 16 17 18 |
---------------+-------------------------------------------------------+-----
Axes           | 3 5 6 7 9 11 12 13 15 16 17 18 19 20 21 | 21.0
Fighting       | 4 5 6 7 8 9 11 12 13 14 15 16 | 16.4
Shields        | 4 5 6 7 9 11 13 15 | 15.5
Armour         | 4 5 6 7 8 9 10 11 12 13 14 15 | 15.3
Dodging        | 2 4 5 6 8 9 10 | 10.0
Translocations | 1 2 4 5 7 8 9 11 | 11.8
Invocations    | 4 5 6 8 |  8.0
Spellcasting   | 1 2 |  2.3
Earth Magic    | 1 |  1.3

Action                     |  1- 3 |  4- 6 |  7- 9 | 10-12 | 13-15 | 16-18 || total
---------------------------+-------+-------+-------+-------+-------+-------++-------
  Melee: War axe           |    78 |    96 |   292 |    32 |   372 |   674 ||  1544
         Headbutt          |    12 |    12 |    46 |   106 |   191 |   190 ||   557
         Battleaxe         |       |       |       |   513 |    79 |       ||   592
         Executioner's axe |       |       |       |       |   545 |       ||   545
   Fire: Hand cannon       |       |       |       |       |       |    21 ||    21
  Throw: Throwing net      |       |       |       |     3 |     3 |       ||     6
   Cast: Blink             |       |       |       |       |     1 |     2 ||     3
         Gell's Gravitas   |       |       |       |       |     3 |     4 ||     7
         Teleport Other    |       |       |       |       |       |     1 ||     1
         Passage of Golubr |       |       |       |       |       |     1 ||     1
 Invoke: Heroism           |       |       |       |     3 |     3 |     3 ||     9
         Finesse           |       |       |       |     1 |     3 |     6 ||    10
         Receive Weapon    |       |       |       |       |     1 |       ||     1
         Receive Armour    |       |       |       |       |     1 |       ||     1
         Duel              |       |       |       |       |       |     1 ||     1
  Evoke: Phial of floods   |       |       |       |       |       |     2 ||     2
         Wand              |       |       |       |       |       |     1 ||     1
    Use: Scroll            |     1 |       |     8 |     3 |     9 |    10 ||    31
         Potion            |       |     1 |       |     5 |     2 |    17 ||    25
   Stab: Petrified         |       |       |       |       |     2 |       ||     2
         Distracted        |       |       |       |       |     1 |       ||     1
         Invisible         |       |       |       |       |       |     2 ||     2
 Armour: Scale mail        |    45 |   101 |    42 |       |       |       ||   188
         Plate armour      |       |       |    56 |    11 |       |       ||    67
         Chain mail        |       |       |   101 |   405 |   947 |   496 ||  1949
  Dodge: Dodged            |    31 |    55 |   113 |   403 |   893 |   317 ||  1812
  Block: Buckler           |    21 |    29 |    43 |     9 |       |       ||   102
         Tower shield      |       |       |       |       |   352 |   894 ||  1246
         Other             |       |       |       |       |    29 |       ||    29
         Reflection        |       |       |       |       |    26 |    51 ||    77

Table legend: (Time is in decaauts)
 A = Elapsed time spent in this place.
 B = Non-inter-level travel time spent in this place.
 C = Inter-level travel time spent in this place.
 D = Time resting spent in this place.
 E = Time spent auto-exploring this place.
 F = Levels seen in this place.
 G = Mean time per level.
                   A        B        C        D        E       F      G
               +--------+--------+--------+--------+--------+-----+--------+
         Total |  31820 |  26797 |   5023 |   4001 |  16238 |  32 |  994.4 |
       Dungeon |  12339 |  10962 |   1377 |   1009 |   7790 |  14 |  881.4 |
        Temple |    150 |      2 |    148 |      0 |      0 |   1 |  150.0 |
          Lair |   6854 |   5724 |   1130 |    815 |   3406 |   5 | 1370.8 |
        Shoals |   5049 |   3692 |   1357 |   1165 |   1631 |   4 | 1262.2 |
  Orcish Mines |   1277 |    871 |    406 |      0 |    675 |   2 |  638.5 |
        Vaults |   4791 |   4188 |    603 |    714 |   2624 |   2 | 2395.5 |
       Ossuary |    196 |    196 |      0 |      0 |      0 |   1 |  196.0 |
      Ice Cave |    786 |    786 |      0 |    298 |    111 |   1 |  786.0 |
      Gauntlet |    347 |    347 |      0 |      0 |      0 |   1 |  347.0 |
         Arena |     27 |     27 |      0 |      0 |      0 |   1 |   27.0 |
               +--------+--------+--------+--------+--------+-----+--------+

Top non-repeatable levels by time:
Vaults:1: 3213 daAuts
  Lair:5: 1883 daAuts
Shoals:1: 1824 daAuts
  Lair:3: 1764 daAuts
Vaults:2: 1578 daAuts
Shoals:2: 1304 daAuts
  Lair:2: 1180 daAuts
    D:13: 1145 daAuts
     D:5: 1137 daAuts
    D:10: 1119 daAuts
     D:3: 1111 daAuts
Shoals:3: 1088 daAuts
  Lair:1: 1058 daAuts
     D:1: 1012 daAuts
    D:11: 983 daAuts
